 Dungeon Crawl Stone Soup version 0.19-a0-867-g949743d (webtiles) character file.

4729 4thArraOfDagon the Grappler (level 10, -3/94 HPs)
             Began as a Troll Earth Elementalist on July 3, 2016.
             Was an Elder of Cheibriados.
             Slain by a hill giant
             ... wielding a +0 giant spiked club
              (15 damage)
             ... on level 11 of the Dungeon.
             The game lasted 00:22:00 (3505 turns).

4thArraOfDagon the Grappler (TrEE)                  Turns: 3505, Time: 00:22:01

Health: -3/94      AC: 14    Str: 23    XL:     10   Next: 22%
Magic:  12/12      EV:  1    Int: 29    God:    Cheibriados [****..]
Gold:   335        SH:  0    Dex: 20    Spells: 1 memorised, 9 levels left

rFire  . . .     SeeInvis .       - Unarmed
rCold  . . .     Gourm    +     c - +0 robe
rNeg   + + +     Faith    .     (no shield)
rPois  ∞         Spirit   .     C - +2 hat {Int+3}
rElec  .         Dismiss  .     D - +1 cloak
rCorr  +         Reflect  +     (gloves unavailable)
SustAt .         Harm     .     (boots unavailable)
MR     .....     Rnd*Rage +     w - +2 amulet of reflection
Stlth  ++........               H - ring of Yshor {rCorr Int+4}
                                u - +3 ring of protection

@: about to teleport, petrified, very slow, not resistant to hostile
enchantments, unstealthy
A: unfitting armour, claws 3, horns 1, icy blue scales 1, molten scales 1,
berserk 1, fast metabolism 3, gourmand, regeneration 2, shaggy fur 1, tough skin
2, weak 2
a: Bend Time, Temporal Distortion, Slouch, Renounce Religion


You were on level 11 of the Dungeon.
You worshipped Cheibriados.
Cheibriados was greatly pleased with you.
You were completely stuffed.

You visited 2 branches of the dungeon, and saw 12 of its levels.

You collected 480 gold pieces.
You spent 145 gold pieces at shops.

Inventory:

Hand Weapons
 a - a +0 giant spiked club
 K - the +7 mace of Tenacity {crush, Stlth+}
   (You found it on level 9 of the Dungeon)

   It inflicts extra damage upon your enemies.
   It makes you more stealthy.
Missiles
 g - a throwing net (quivered)
Armour
 c - a +0 robe (worn)
 j - a +0 cloak
 C - a +2 hat of intelligence (worn)
 D - a +1 cloak (worn)
Jewellery
 p - an uncursed ring of ice
 u - a +3 ring of protection (left claw)
 w - a +2 amulet of reflection (around neck)
 y - an uncursed ring of sustain attributes
 H - the ring of Yshor (right claw) {rCorr Int+4}
   (You found it on level 9 of the Dungeon)

   [ring of resist corrosion]

   It affects your intelligence (+4).
Wands
 o - a wand of acid (1/15)
 q - a wand of disintegration (12/24)
 t - a wand of flame (16/48)
Scrolls
 b - 4 scrolls of immolation {unknown}
 e - 4 scrolls of fear {unknown}
 h - a scroll of recharging {unknown}
 i - 5 scrolls of remove curse {unknown}
 k - 6 scrolls of teleportation
 r - 2 scrolls of magic mapping
 x - 2 scrolls of amnesia {unknown}
 A - 2 scrolls of random uselessness {unknown}
 E - a scroll of enchant armour {unknown}
 I - a scroll of fog {unknown}
 J - a scroll of blinking {unknown}
 L - a scroll of silence {unknown}
Potions
 f - 2 potions of curing
 l - 2 potions of agility {unknown}
 n - 2 potions of brilliance {unknown}
 s - a potion of resistance
 v - a potion of haste {unknown}
 z - 3 potions of might {unknown}
 B - a potion of flight {unknown}
 F - a potion of experience {unknown}
 G - a potion of berserk rage {unknown}
Comestibles
 d - 10 bread rations
 m - 3 meat rations


   Skills:
 + Level 4.5 Fighting
 + Level 4.8 Dodging
 - Level 1.1 Stealth
 * Level 11.1 Unarmed Combat
 - Level 1.2 Spellcasting
 - Level 0.6 Transmutations
 - Level 2.6 Earth Magic
 + Level 4.8 Invocations
 - Level 1.3 Evocations


You had 9 spell levels left.
You knew the following spells:

 Your Spells              Type           Power        Failure   Level  Hunger
b - Passwall              Tmut/Erth      ##........   10%         2    ###....


Dungeon Overview and Level Annotations

Branches:
Dungeon (11/15)            Temple (1/1) D:4             Orc (0/2) D:10
   Lair: D:8-11

Altars:
Ashenzari
Cheibriados
Elyvilon
Fedhas
Hepliaklqana
Kikubaaqudgha
Makhleb
Nemelex Xobeh
Okawaru
Pakellas
Qazlal
Vehumet
Yredelemnul
Zin
The Shining One

Shops:
D:4 ?


Innate Abilities, Weirdness & Mutations

You are too large for most types of armour.
You have claws for hands.
Your metabolism is lightning-fast.
You like to eat raw meat.
You heal very quickly.
You are covered in fur. (AC +1)
You have very tough skin. (AC +2)
You have a pair of small horns on your head.
You are partially covered in icy blue scales. (AC +1)
You are partially covered in molten scales. (AC +1)
You tend to lose your temper in combat.
You are very weak. (Str -4)


Message History

You are covered in liquid flames!
The manticore barely misses you.
The manticore claws you but does no damage.
The manticore completely misses you.
The hill giant hits you with a giant spiked club!!
* * * LOW HITPOINT WARNING * * *
You have turned to stone.
You are covered in liquid flames!
* * * LOW HITPOINT WARNING * * *
The manticore bites you!
* * * LOW HITPOINT WARNING * * *
The manticore claws you!
* * * LOW HITPOINT WARNING * * *
The manticore claws you.
* * * LOW HITPOINT WARNING * * *
The mottled dragon bites you.
* * * LOW HITPOINT WARNING * * *
The mottled dragon claws you but does no damage.
The hill giant hits you with a giant spiked club!!
You die...

#.#........................#.....
.......)#.......#########..######
#.###.#.#.......##..## ....# #
#...##.....##....# ....#
#...####.###.....# ...##
....##........# ...#
.....#.........# .#
..#.#.#...###..## .....#.##..
##@# ##....HDC....#
##...#l##....# #..##.. #... #..
... .. #.. ... .... ... ..# ..##
.>.. .. ..## .....


You could see a hill giant, a manticore, a basilisk and a mottled dragon.

Vanquished Creatures
  A gargoyle (D:10)
  A freezing wraith (D:11)
  A troll (D:7)
  A slime creature (D:11)
  Sigmund (D:2)
  4 yaks (D:9)
  3 hippogriffs
  A black bear (D:7)
  An orc warrior (D:8)
  A sky beast (D:8)
  6 ogres
  A necrophage (D:5)
  A centaur (D:8)
  4 giant frogs
  A wyvern skeleton (D:7)
  5 wights (D:8)
  5 howler monkeys
  4 crimson imps
  A quasit (D:10)
  A giant frog skeleton (D:11)
  2 hounds
  A jelly (D:5)
  3 orc wizards
  4 orc priests
  A centaur skeleton (D:6)
  Ijyb (D:3)
  10 worker ants
  A killer bee zombie (D:8)
  A hound zombie (D:10)
  4 gnolls (D:8)
  5 adders
  A shadow imp (D:11)
  4 oozes
  An adder skeleton (D:6)
  A worm (D:3)
  A dart slug (D:3)
  6 giant geckos
  12 orcs
  A ball python (D:2)
  11 bats
  7 giant cockroaches
  7 goblins
  2 hobgoblins
  14 jackals
  9 kobolds
  7 quokkas
  2 giant newts
  5 rats
168 creatures vanquished.

Vanquished Creatures (others)
  A sphinx (D:8)
  A bush (D:8)
2 creatures vanquished.

Grand Total: 170 creatures vanquished

Notes
Turn   | Place    | Note
-------+----------+-------------------------------------------
     0 | D:1      | 4thArraOfDagon the Troll Earth Elementalist began the quest for the Orb.
     0 | D:1      | Reached XP level 1. HP: 16/16 MP: 1/1
     0 | D:1      | them
     0 | D:1      | trees
    73 | D:2      | Reached skill level 1 in Unarmed Combat
   119 | D:2      | Reached skill level 2 in Unarmed Combat
   119 | D:2      | Reached XP level 2. HP: 16/24 MP: 2/2
   150 | D:2      | Reached XP level 3. HP: 27/31 MP: 3/3
   206 | D:3      | hillarious
   295 | D:4      | Reached skill level 3 in Unarmed Combat
   295 | D:4      | Reached XP level 4. HP: 17/39 MP: 4/4
   303 | D:4      | Noticed an ogre
   480 | D:3      | Learned a level 2 spell: Passwall
   526 | D:5      | Entered Level 5 of the Dungeon
   528 | D:5      | Noticed an ogre
   565 | D:5      | Reached skill level 4 in Unarmed Combat
   666 | D:5      | Reached XP level 5. HP: 43/45 MP: 5/5
   717 | D:5      | Noticed a necrophage
   725 | D:5      | Killed a necrophage
   725 | D:5      | Reached skill level 5 in Unarmed Combat
   886 | D:6      | Found a white marble altar of Elyvilon.
   898 | D:6      | Reached skill level 6 in Unarmed Combat
   898 | D:6      | Reached XP level 6. HP: 50/53 MP: 6/6
  1202 | D:5      | Reached skill level 7 in Unarmed Combat
  1202 | D:5      | Reached XP level 7. HP: 29/59 MP: 7/7
  1243 | D:4      | Found a staircase to the Ecumenical Temple.
  1252 | Temple   | Entered the Ecumenical Temple
  1258 | Temple   | Became a worshipper of Cheibriados the Contemplative
  1266 | D:4      | trees are slow arent they
  1285 | D:4      | Found Tuachong's Magic Scroll Boutique.
  1293 | D:4      | Bought a scroll of magic mapping for 35 gold pieces
  1293 | D:4      | Bought a scroll of teleportation for 30 gold pieces
  1293 | D:4      | Bought a scroll of identify for 20 gold pieces
  1293 | D:4      | Bought a scroll of teleportation for 30 gold pieces
  1293 | D:4      | Bought a scroll of teleportation for 30 gold pieces
  1314 | D:4      | Found a hazy altar of Hepliaklqana.
  1408 | D:4      | Reached skill level 8 in Unarmed Combat
  1536 | D:3      | Found a sparkling altar of Nemelex Xobeh.
  1536 | D:3      | Noticed Ijyb
  1549 | D:3      | Killed Ijyb
  1598 | D:3      | Reached * piety under Cheibriados
  1627 | D:2      | Noticed Sigmund
  1650 | D:2      | Killed Sigmund
  1650 | D:2      | Reached skill level 1 in Fighting
  1650 | D:2      | Reached skill level 1 in Evocations
  1985 | D:2      | Reached ** piety under Cheibriados
  2149 | D:5      | Reached XP level 8. HP: 63/70 MP: 8/8
  2187 | D:6      | Reached skill level 1 in Invocations
  2195 | D:7      | Noticed a troll
  2205 | D:7      | Killed a troll
  2205 | D:7      | Reached skill level 9 in Unarmed Combat
  2273 | D:7      | Found a radiant altar of Vehumet.
  2344 | D:7      | Reached *** piety under Cheibriados
  2477 | D:8      | Reached XP level 9. HP: 80/80 MP: 10/10
  2538 | D:8      | Found an oddly glowing altar of Pakellas.
  2541 | D:8      | Noticed a sphinx
  2566 | D:9      | Found a burning altar of Makhleb.
  2602 | D:8      | Reached skill level 10 in Unarmed Combat
  2613 | D:8      | Killed a sphinx
  2638 | D:8      | Reached **** piety under Cheibriados
  2676 | D:8      | Gained mutation: You occasionally shout uncontrollably at your foes. [mutagenic meat]
  2685 | D:8      | Gained mutation: You are partially covered in molten scales. (AC +1) [mutagenic meat]
  2893 | D:9      | Got a shimmering turquoise ring
  2895 | D:9      | Identified the ring of Yshor {rCorr Int+4} (You found it on level 9 of the Dungeon)
  2922 | D:9      | Found an iron altar of Okawaru.
  2985 | D:9      | Got a scorched mace
  2989 | D:9      | Identified the +7 mace of Tenacity {crush, Stlth+} (You found it on level 9 of the Dungeon)
  3003 | D:10     | Entered Level 10 of the Dungeon
  3098 | D:11     | Noticed a six-headed hydra
  3144 | D:10     | Noticed a gargoyle
  3154 | D:10     | Killed a gargoyle
  3219 | D:10     | Found a burning altar of Makhleb.
  3245 | D:10     | Gained mutation: Your spells are a little harder to cast, but a little more powerful. [potion of mutation]
  3245 | D:10     | Gained mutation: You are clumsy. (Dex -2) [potion of mutation]
  3246 | D:10     | Lost mutation: Your spells are a little harder to cast, but a little more powerful. [potion of mutation]
  3246 | D:10     | Gained mutation: You tend to lose your temper in combat. [potion of mutation]
  3246 | D:10     | Gained mutation: You have a pair of small horns on your head. [potion of mutation]
  3247 | D:10     | Lost mutation: You occasionally shout uncontrollably at your foes. [potion of mutation]
  3247 | D:10     | Gained mutation: You are weak. (Str -2) [potion of mutation]
  3247 | D:10     | Gained mutation: You are partially covered in icy blue scales. (AC +1) [potion of mutation]
  3248 | D:10     | Lost mutation: You are clumsy. (Dex -2) [potion of mutation]
  3248 | D:10     | Gained mutation: You are very weak. (Str -4) [potion of mutation]
  3271 | D:10     | Reached XP level 10. HP: 92/93 MP: 12/12
  3273 | D:10     | Found a staircase to the Orcish Mines.
  3306 | D:10     | Reached skill level 11 in Unarmed Combat
  3387 | D:11     | Reached ***** piety under Cheibriados
  3451 | D:11     | HP: 2/94 [freezing wraith (11)]
  3503 | D:11     | Noticed a manticore
  3504 | D:11     | Noticed a hill giant
  3505 | D:11     | Slain by a hill giant

Vault maps used:
D:1:      lightli_molten_gateway
D:2:      hex_large, uniq_sigmund
D:3:      minmay_wonky_spiral, nemelex_xobeh_ov_fountains_minmay, uniq_iyjb
D:4:      nicolae_overflow_crystal_walls, serial_shops, shop_scrolls,
          first_bread
D:6:      basic_altar
D:7:      tgw_xom, vehumet_crystals
D:8:      gammafunk_pakellas_spire_experiment
D:9:      lemuel_doored_altar, lemuel_round_altar, lemuel_round_altar
D:10:     orc_0_dummy, serial_shops, nicolae_shop_statue_plus, basic_altar,
          grunt_ogre_cave
D:11:     minmay_curly_fans, david_lair_shrubbed
Temple:   eino_narrow_crystal_temple

Skill      XL: |  1  2  3  4  5  6  7  8  9 10 |
---------------+-------------------------------+-----
Unarmed Combat | 2 3 4 6 7 8 9 10 11 | 11.1
Fighting       | 1 2 4 |  4.5
Evocations     | 1 |  1.3
Dodging        | 2 3 4 |  4.8
Invocations    | 2 4 |  4.8
Stealth        | |  1.1
Spellcasting   | |  1.2
Transmutations | |  0.6
Earth Magic    | |  2.6

Action                   |  1- 3 |  4- 6 |  7- 9 | 10-12 || total
-------------------------+-------+-------+-------+-------++-------
Melee: Unarmed           |    65 |    95 |   334 |    26 ||   520
       Punch             |       |     1 |    13 |     3 ||    17
       Headbutt          |       |       |       |    10 ||    10
Throw: Throwing net      |       |       |       |     1 ||     1
Invok: Bend Time         |       |       |     3 |       ||     3
       Slouch            |       |       |       |     2 ||     2
Evoke: Wand              |       |       |     4 |       ||     4
  Use: Scroll            |       |     3 |     3 |     2 ||     8
       Potion            |       |       |     4 |       ||     4
 Stab: Sleeping          |       |     2 |     3 |     2 ||     7
  Eat: Chunk             |     7 |     6 |    20 |     2 ||    35
       Pizza             |       |     1 |       |       ||     1
Armor: Robe              |    45 |    30 |   134 |    13 ||   222
Dodge: Dodged            |    49 |    39 |   165 |    22 ||   275
Block: Other             |       |       |    10 |     2 ||    12
